 Dungeon Crawl Stone Soup version 0.26.0-15-gc6cd9f700b (webtiles) character file.

Game seed: 14319223871823003595

6583 iamoutofideas the Severer (level 10, -10/82 HPs)
             Began as a Deep Dwarf Fighter on Jan 15, 2021.
             Was a Priest of Makhleb.
             Mangled by a reaper
             ... wielding a +0 scythe of venom
              (38 damage)
             ... in a Gauntlet.
             The game lasted 00:11:29 (5393 turns).

iamoutofideas the Severer (Deep Dwarf Fighter)      Turns: 5393, Time: 00:11:30

Health: -10/82     AC: 17    Str: 23      XL:     10   Next: 71%
Magic:  9/9        EV:  8    Int:  9 (11) God:    Makhleb [***...]
Gold:   359        SH:  0    Dex: 18      Spells: 19/19 levels left

rFire    + . .     SeeInvis .   a - +0 war axe
rCold    + + +     Faith    +   (no shield)
rNeg     . . .     Spirit   .   u - +3 chain mail {rC+}
rPois    +         Reflect  .   n - +2 helmet
rElec    .         Harm     .   s - scarf {rC+ rF+}
rCorr    .         Rampage  .   o - +1 pair of gloves of Beyond {rPois rC+ Will+}
Will     ++...     NoTele   +   (no boots)
Stlth    ..........             j - amulet of faith
HPRegen  0.00/turn              v - +6 ring of dexterity
MPRegen  0.11/turn              D - ring of protection from cold

@: lethally poisoned (-10 -> -39), non-regenerating
A: damage resistance, heal wounds, clever 1, deterioration 1, sense surroundings
2, no regeneration
a: Heal Wounds, Renounce Religion, Minor Destruction, Lesser Servant of Makhleb


You were in a Gauntlet.
You worshipped Makhleb.
Makhleb was most pleased with you.
You visited 2 branches of the dungeon, and saw 10 of its levels.
You also visited: Gauntlet.

You collected 471 gold pieces.
You spent 112 gold pieces at shops.

Inventory:

Hand Weapons
 a - a +0 war axe (weapon)
Armour
 b - the +2 pair of gloves "Lettiler" {Int+5 Dex+3}
   (You found it in a Gauntlet)

   It affects your intelligence (+5).
   It affects your dexterity (+3).
 c - a +0 kite shield
 n - a +2 helmet (worn)
 o - the +1 pair of gloves of Beyond (worn) {rPois rC+ Will+}
   (You found it on level 6 of the Dungeon)

   It protects you from cold.
   It protects you from poison.
   It affects your willpower, your defense against some magical effects.
 r - a +0 helmet of see invisible
 s - a scarf of resistance (worn)
 u - a +3 chain mail of cold resistance (worn)
 w - a +0 cloak
 y - a scarf of harm
Jewellery
 j - an amulet of faith (around neck)
 v - a +6 ring of dexterity (left hand)
 D - a ring of protection from cold (right hand)
Wands
 m - a wand of random effects (25)
 H - a wand of paralysis (4)
Scrolls
 d - a scroll of immolation
 h - 5 scrolls of remove curse
 i - 2 scrolls of teleportation
 l - 3 scrolls of enchant weapon
 x - 4 scrolls of blinking
 G - 3 scrolls of fog
Potions
 e - a potion of invisibility
 k - 3 potions of curing
 p - a potion of degeneration
 q - a potion of mutation
 t - 2 potions of magic {unknown}
 z - 2 potions of heal wounds
 A - 3 potions of lignification
 B - a potion of brilliance {unknown}
 E - a potion of cancellation {unknown}


   Skills:
 - Level 2.9 Fighting
 + Level 15.4 Axes
 - Level 3.6 Armour
 - Level 3.5 Shields
 - Level 5.3 Spellcasting


You had 19 spell levels left.
You didn't know any spells.
Your spell library was empty.

Dungeon Overview and Level Annotations

Branches:
Dungeon (11/15)            Temple (1/1) D:5            Lair (0/6) D:8
Gauntlet (1/1)
    Orc: D:9-12

Altars:
Ashenzari
Cheibriados
Dithmenos
Elyvilon
Fedhas
Gozag
Hepliaklqana
Kikubaaqudgha
Makhleb
Nemelex Xobeh
Okawaru
Qazlal
Ru
Sif Muna
Trog
Uskayaw
Vehumet
Wu Jian
Xom
Yredelemnul
Zin
The Shining One

Shops:
D:5 (   D:7 [:=!:

Annotations:
Gauntlet 11 transporters, 4 runed translucent doors, exclusion: orange crystal statue


Innate Abilities, Weirdness & Mutations

You are resistant to damage.
You can heal yourself by infusing magical energy.
You passively map the area around you.
You do not regenerate.
Your mind is acute. (Int +2)
Your body sometimes deteriorates upon taking damage.


Message History

You closely miss the hellwing.
The hellwing is lightly wounded.
You hit the hellwing but do no damage. The hellwing hits you!
The hellwing hits you. The reaper hits you but does no damage.
Unknown command.
You feel much better.
The hellwing hits you but does no damage. x4
Your magical essence is drained by the effort!
You feel much better.
The reaper hits you from afar with a +0 scythe of venom!!
You are more poisoned.
The hellwing hits you! The hellwing closely misses you.
The hellwing hits you but does no damage. x2
Unknown command.
You hit the hellwing but do no damage.
The hellwing is lightly wounded.
You slash the hellwing!
You feel sick. The hellwing hits you! The hellwing hits you. x3
The reaper hits you from afar with a +0 scythe of venom!!!
You die...

........#..###########..#........
#########..#........2#..#########
#...#...#..#.#.....#.#..#..8#8..#
#.#.#.#.#..#.4##.##.[#..#...8..!#
#.#.#.#[#..#..##.##.|#..#8.8.8..#
#.##©##©#©©#..#.©.#.©#©©##8.©.8©#
#.#.#.#.#..#..##.##4.#..#8.8.8.[#
#.#.#.#.#..#..##.##.?#..#...8..$#
#...#...#..#.#24@..#.#..#..8#8Bs#
#########..#....4....#..#########
........#..###########..#........
#########..#.........#..#########
#hhp#.#©#..#.........#..#....8..#
#h#.#}.##..#..##≈##..#..#.......#
#h#.#.!.#..#..≈###≈..#..#####+###
#h#.©####©.#..## ##..#.©#©...+.©#
#.#.....#..#..≈# #≈..#..#.##.+###


You could see a reaper and 2 hellwings.

Vanquished Creatures
  Harold (D:7)
  An elephant (D:8)
  Maggie (D:6)
  An ice devil (Gauntlet)
  Prince Ribbit (D:7)
  6 yaks
  2 basilisks (D:8)
  A water moccasin (D:8)
  A black bear (D:6)
  4 orc warriors
  2 ice beasts (D:6)
  A phantom (D:7)
  2 sky beasts
  3 necrophages
  An ogre (D:6)
  An eye of draining (D:11)
  2 centaurs
  A big kobold (D:8)
  Blork the orc (D:6)
  6 bullfrogs
  A gnoll sergeant (D:11)
  A troll zombie (D:7)
  A scorpion (D:6)
  A wight (D:7)
  5 human zombies (D:7)
  3 jellies
  2 bullfrog skeletons
  An orc priest (D:6)
  4 hounds
  3 orc wizards
  A centaur skeleton (D:8)
  6 worker ants
  A human skeleton (D:7)
  3 iguanas
  A killer bee zombie (D:7)
  An ogre zombie (D:7)
  A mummy (D:7)
  A howler monkey zombie (D:8)
  4 worker ant zombies
  A howler monkey skeleton (D:4)
  10 gnolls
  15 adders
  2 shadow imps
  4 white imps
  3 ufetubi (D:6)
  5 worms
  A dart slug (D:5)
  4 leopard geckos
  28 orcs
  4 giant cockroaches
  7 goblins
  A hobgoblin (D:3)
  14 jackals
  12 kobolds
  2 quokkas
  5 bats
  3 frilled lizards
  A jackal skeleton (D:4)
  8 rats
210 creatures vanquished.

Vanquished Creatures (others)
  A demonic plant (Gauntlet)
  A fungus (D:8)
2 creatures vanquished.

Grand Total: 212 creatures vanquished

Notes
Turn   | Place    | Note
-------+----------+-------------------------------------------
     0 | D:1      | iamoutofideas the Deep Dwarf Fighter began the quest for
                  | the Orb.
     0 | D:1      | Reached XP level 1. HP: 20/20 MP: 1/1
     2 | D:1      | You fall into a shaft and drop 1 floor!
   148 | D:2      | Reached XP level 2. HP: 21/27 MP: 2/2
   225 | D:2      | Reached skill level 3 in Axes
   298 | D:2      | Reached XP level 3. HP: 33/33 MP: 3/3
   600 | D:2      | Found a bloodstained altar of Trog.
   617 | D:2      | Found a shadowy altar of Dithmenos.
   647 | D:2      | Found a sparkling altar of Nemelex Xobeh.
   934 | D:3      | Reached skill level 4 in Axes
   952 | D:3      | Reached XP level 4. HP: 22/40 MP: 4/4
  1463 | D:3      | Reached skill level 5 in Axes
  1572 | D:4      | Reached XP level 5. HP: 41/48 MP: 4/4
  1607 | D:4      | Reached skill level 6 in Axes
  1783 | D:4      | Reached XP level 6. HP: 55/55 MP: 5/5
  2054 | D:5      | Entered Level 5 of the Dungeon
  2067 | D:5      | Reached skill level 7 in Axes
  2208 | D:5      | Found a staircase to the Ecumenical Temple.
  2230 | D:5      | Found a snail-covered altar of Cheibriados.
  2247 | D:5      | Reached skill level 8 in Axes
  2288 | D:5      | Reached XP level 7. HP: 38/61 MP: 6/6
  2299 | Temple   | Entered the Ecumenical Temple
  2473 | Temple   | Became a worshipper of Makhleb the Destroyer
  2560 | D:5      | Found Muguel's Weapon Emporium.
  2615 | D:6      | Noticed Maggie
  2646 | D:6      | Gained mutation: Your body sometimes deteriorates upon
                  | taking damage. [potion of mutation]
  2646 | D:6      | Gained mutation: Your mind is acute. (Int +2) [potion of
                  | mutation]
  2655 | D:6      | Killed Maggie
  2656 | D:6      | Reached skill level 9 in Axes
  2723 | D:6      | Reached skill level 10 in Axes
  2723 | D:6      | Reached XP level 8. HP: 42/68 MP: 4/4
  3072 | D:6      | Got a pair of blackened gloves
  3083 | D:6      | Identified the +1 pair of gloves of Beyond {rPois rC+
                  | Will+} (You found it on level 6 of the Dungeon)
  3204 | D:6      | Noticed Blork the orc
  3217 | D:6      | Reached * piety under Makhleb
  3218 | D:6      | Reached skill level 11 in Axes
  3399 | D:6      | Killed Blork the orc
  3400 | D:6      | Reached skill level 1 in Spellcasting
  3434 | D:6      | Reached skill level 12 in Axes
  3455 | D:6      | Gained mutation: You passively map the area around you.
                  | [Deep Dwarf growth]
  3455 | D:6      | Reached XP level 9. HP: 38/74 MP: 3/5
  3765 | D:7      | Noticed Prince Ribbit
  3789 | D:7      | Killed Prince Ribbit
  3883 | D:7      | Reached ** piety under Makhleb
  3906 | D:7      | Found Ygripho's Distillery.
  3911 | D:7      | Found Hucsaps's Book Emporium.
  3935 | D:7      | Bought a potion of heal wounds for 70 gold pieces
  3935 | D:7      | Bought a potion of lignification for 42 gold pieces
  3961 | D:7      | Found Pissodgh Aqau's Book Shop.
  4102 | D:7      | Found an ancient bone altar of Kikubaaqudgha.
  4181 | D:7      | Reached skill level 13 in Axes
  4282 | D:7      | Noticed Harold
  4308 | D:7      | Killed Harold
  4309 | D:7      | Reached skill level 5 in Spellcasting
  4309 | D:7      | Reached XP level 10. HP: 39/82 MP: 8/10
  4389 | D:7      | Found Vesunecw's Jewellery Emporium.
  4557 | D:7      | Found Yrulel's Armour Shop.
  4903 | D:8      | Found a staircase to the Lair.
  4904 | D:8      | Noticed an elephant
  4924 | D:8      | Reached *** piety under Makhleb
  4930 | D:8      | Reached skill level 14 in Axes
  4936 | D:8      | Killed an elephant
  4975 | D:8      | Found a stormy altar of Qazlal.
  4987 | D:8      | You fall into a shaft and drop 3 floors!
  5047 | D:11     | Reached skill level 15 in Axes
  5113 | D:11     | Noticed an eight-headed hydra
  5167 | D:11     | Found a gate leading to a gauntlet.
  5176 | Gauntlet | Entered a Gauntlet
  5176 | Gauntlet | Found a transporter.
  5176 | Gauntlet | Found a transporter.
  5182 | Gauntlet | Found a transporter.
  5195 | Gauntlet | Found a runed translucent door.
  5198 | Gauntlet | Found a transporter.
  5214 | Gauntlet | Found a transporter.
  5214 | Gauntlet | Found a transporter.
  5214 | Gauntlet | Found a transporter.
  5216 | Gauntlet | Found a transporter.
  5216 | Gauntlet | Found a transporter.
  5216 | Gauntlet | Noticed a reaper
  5221 | Gauntlet | Noticed a fire crab
  5230 | Gauntlet | Found a transporter.
  5241 | Gauntlet | Noticed an entropy weaver
  5243 | Gauntlet | Found a transporter.
  5250 | Gauntlet | Noticed an orange crystal statue
  5252 | Gauntlet | Found a runed translucent gate.
  5253 | Gauntlet | Found a transporter.
  5253 | Gauntlet | Found a runed translucent gate.
  5254 | Gauntlet | Found a runed translucent gate.
  5267 | Gauntlet | Found a transporter.
  5287 | Gauntlet | Found a transporter.
  5288 | Gauntlet | Noticed a necromancer
  5351 | Gauntlet | Got a pair of encrusted gloves
  5362 | Gauntlet | Identified the +2 pair of gloves "Lettiler" {Int+5 Dex+3}
                  | (You found it in a Gauntlet)
  5393 | Gauntlet | Mangled by a reaper

Illustrated notes

Levels and vault maps discovered:
D:1:      roderic_crossed_star, layout_loops_cross, st_stairs_1,
          serial_bayou_lagoon_a
D:2:      layout_rooms, nicolae_overflow_crystal_walls, minitemple,
          serial_co_window_serial, co_window_corner_a, co_window_paths_a,
          co_window_paths_b, co_window_paths_a, co_window_corner_a,
          co_window_cross_1, co_window_unsneaky_path_d, co_window_corner_b,
          co_window_corner_cb, glass_columns_b, kennysheep_generic_room_5
D:3:      layout_loops_ring
D:4:      layout_basic, minmay_misc_feat_pillars
D:5:      layout_rooms, kennysheep_slug_shrine, temple_doors_e, serial_shops,
          shop
D:6:      kennysheep_windowed_halls, layout_loops_cross, uniq_maggie,
          uniq_blork_the_orc
D:7:      layout_rooms, lemuel_mausoleum_altar_kikubaaqudgha, serial_shops,
          nicolae_shop_trees, shop, shop_statue,
          nicolae_shop_competitors_out_of_business, shop, kennysheep_donut,
          uniq_harold, uniq_prince_ribbit1
D:8:      layout_cave_pods, lemuel_doored_altar, david_lair_generic
D:11:     layout_loops_ring, gammafunk_ghost_berserking_beasts,
          gauntlet_entry_generic
Temple:   eino_temple_scatter_basement
Gauntlet: gammafunk_gauntlet_mixed_choke_point
          [minmay_gauntlet_arena_77_radiant_squares,
          minmay_gauntlet_arena_77_two_paths, minmay_gauntlet_arena_77_path,
          nicolae_gauntlet_arena_blocks, minmay_gauntlet_arena_77_run_for_it,
          minmay_gauntlet_arena_77_terracotta_army,
          minmay_gauntlet_arena_77_double_cross,
          nicolae_gauntlet_exit_dead_adventurers]

Skill      XL: |  1  2  3  4  5  6  7  8  9 10 |
---------------+-------------------------------+-----
Axes           | 3 4 5 6 8 10 12 13 15 | 15.4
Spellcasting   | 2 5 |  5.3
Fighting       | |  2.9
Armour         | |  3.6
Shields        | |  3.5

Action                   |  1- 3 |  4- 6 |  7- 9 | 10-12 || total
-------------------------+-------+-------+-------+-------++-------
Melee: War axe           |   108 |   165 |   413 |   201 ||   887
 Abil: Heal Wounds       |     1 |     4 |    22 |     3 ||    30
Evoke: Wand              |       |       |     2 |       ||     2
  Use: Potion            |       |       |     7 |       ||     7
       Scroll            |       |       |     6 |     7 ||    13
Armor: Scale mail        |    55 |   127 |    65 |       ||   247
       Chain mail        |       |       |   171 |   143 ||   314
Dodge: Dodged            |    63 |   125 |   162 |    69 ||   419
Block: Kite shield       |    21 |       |       |       ||    21
